 Dungeon Crawl Stone Soup version 0.16-a0-702-gf4f471d (webtiles) character file.

58 PolkaDot the Ruinous (level 3, 0/23 HPs)
             Began as a Draconian Conjurer on Sept 20, 2014.
             Succumbed to an adder's poison
             ... on Level 2 of the Dungeon.
             The game lasted 00:07:19 (1633 turns).

PolkaDot the Ruinous (Draconian Conjurer)           Turns: 1633, Time: 00:07:19

HP   0/23        AC  5     Str 10      XL: 3   Next: 76%
MP   0/6         EV 12     Int 16      God:
Gold 53          SH  0     Dex 11      Spells:  2 memorised,  3 levels left

rFire  . . .     SeeInvis .     (no weapon)
rCold  . . .     Clarity  +     (armour unavailable)
rNeg   . . .     rCorr    .     (no shield)
rPois  .         rRot     .     (helmet restricted)
rElec  .         Spirit   .     (no cloak)
SustAb .         Warding  .     (no gloves)
rMut   .         Stasis   .     (no boots)
Gourm  .                        (no amulet)
MR     .....                    (no ring)
                                (no ring)

@: lethally poisoned, not resistant to hostile enchantments, unstealthy
A: unfitting armour, berserk 1, blurry vision 1, clarity, deformed body, frail
1, cold-blooded, placid magic 1, AC +5
a: no special abilities


You were on level 2 of the Dungeon.
You were hungry.

You visited 1 branch of the dungeon, and saw 2 of its levels.

You collected 53 gold pieces.

Inventory:

Magical devices
 g - a wand of fireball (5) {unknown}
Comestibles
 b - 2 bread rations
 i - a meat ration
 k - a chunk of giant newt flesh
 l - a chunk of giant cockroach flesh
 p - a chunk of bat flesh
Scrolls
 d - a scroll of blinking {unknown}
 e - 2 scrolls of enchant weapon
 j - a scroll of identify {unknown}
 m - a scroll of enchant armour {unknown}
Potions
 a - a potion of heal wounds {unknown}
 f - a potion of invisibility {unknown}
 h - a potion of confusion {unknown}
 n - a potion of restore abilities {unknown}
 o - a potion of degeneration {unknown}
Books
 c - a book of Conjurations

   Spells                             Type                      Level
   *Magic Dart                        Conjuration                  1
   *Searing Ray                       Conjuration                  2
   Dazzling Spray                     Conjuration/Hexes            3
   Fulminant Prism                    Conjuration/Hexes            4
   Iskenderun's Mystic Blast          Conjuration                  4
   Iskenderun's Battlesphere          Conjuration/Charms           5


   Skills:
 - Level 1.7 Dodging
 - Level 1.7 Stealth
 - Level 2.0 Spellcasting
 + Level 5.4 Conjurations


You had 3 spell levels left.
You knew the following spells:

 Your Spells              Type           Power        Failure   Level  Hunger
a - Magic Dart            Conj           ##..         1%          1    #......
s - Searing Ray           Conj           ##....       1%          2    ###....


Dungeon Overview and Level Annotations

Branches:
Dungeon (2/15)

Altars:


Innate Abilities, Weirdness & Mutations

Your plain brown scales are hard (AC +5).
Your body does not fit into most forms of armour.
Your cold-blooded metabolism reacts poorly to cold.
You tend to lose your temper in combat.
Your vision is a little blurry.
You possess an exceptional clarity of mind.
Your body is misshapen.
You are frail (-10% HP).
Your spells are a little easier to cast, but a little less powerful.


Message History

Aiming: Magic Dart
Press: ? - help, Shift-Dir - straight line, f/p - adder
Aim: an adder (severely wounded)
The magic dart hits the adder.
The adder is almost dead.
* * * LOW MAGIC WARNING * * *
You feel sick. The adder bites you.
* * * LOW HITPOINT WARNING * * *
You are lethally poisoned!
The adder poisons you!
* * * LOW HITPOINT WARNING * * *
You feel sick.
* * * LOW HITPOINT WARNING * * *
You feel sick. The adder bites you.
* * * LOW HITPOINT WARNING * * *
You are more poisoned.
The adder poisons you!
* * * LOW HITPOINT WARNING * * *
You feel sick.
You die...

##################
.................#
################.########
...........!.lS.@.......>
#################.######(
..# #.## #..# ##.##
###################..#
...........(.........# #
####################.###.#


You could see an adder and a giant newt.

Vanquished Creatures
  Terence (D:2)
  An adder (D:2)
  2 giant geckos (D:1)
  3 oozes (D:1)
  3 giant cockroaches
  3 goblins (D:1)
  4 hobgoblins
  5 bats
  3 giant newts
  2 kobolds (D:1)
  8 rats
35 creatures vanquished.

Notes
Turn   | Place    | Note
--------------------------------------------------------------
     0 | D:1      | PolkaDot, the Draconian Conjurer, began the quest for the Orb.
     0 | D:1      | Reached XP level 1. HP: 14/14 MP: 3/3
   252 | D:1      | Reached XP level 2. HP: 11/20 MP: 0/4
   451 | D:1      | Learned a level 2 spell: Searing Ray
  1174 | D:2      | Reached skill level 5 in Conjurations
  1174 | D:2      | Reached XP level 3. HP: 19/26 MP: 0/6
  1441 | D:2      | Noticed Terence
  1453 | D:2      | Gained mutation: You possess an exceptional clarity of mind. [potion of mutation]
  1453 | D:2      | Gained mutation: You tend to lose your temper in combat. [potion of mutation]
  1453 | D:2      | Gained mutation: You are frail (-10% HP). [potion of mutation]
  1454 | D:2      | Gained mutation: Your spells are a little easier to cast, but a little less powerful. [potion of mutation]
  1454 | D:2      | Gained mutation: Your body is misshapen. [potion of mutation]
  1454 | D:2      | Gained mutation: Your vision is a little blurry. [potion of mutation]
  1467 | D:2      | Killed Terence
  1632 | D:2      | HP: 1/23 [poisoned by an adder]
  1633 | D:2      | Succumbed to an adder's poison

Action                   || total
-------------------------++-------
Melee: Unarmed           ||    59
 Cast: Magic Dart        ||    65
       Searing Ray       ||     7
  Use: Potion            ||     4
       Scroll            ||     1
 Stab: Sleeping          ||     1
  Eat: Chunk             ||     3
